[Event "Winter Chess Classic-B 2019"]
[Site "Saint Louis"]
[Date "2019.11.12"]
[Round "3.2"]
[White "Moradiabadi, Elshan"]
[Black "Khachiyan, Melikset"]
[Result "1/2-1/2"]
[ECO "C75"]
[WhiteElo "2552"]
[BlackElo "2493"]
[Annotator "RC"]
[PlyCount "75"]
[EventDate "2019.11.10"]
[EventType "tourn"]
[EventCountry "USA"]
[SourceTitle "playchess.com"]
[Source "ChessBase"]
[SourceQuality "1"]
[TimeControl "40/5400+30:1800+30"]

1. e4 e5 2. Nf3 Nc6 3. Bb5 a6 4. Ba4 Nge7 5. c3 d6 6. d4 Bd7 7. d5 Nb8 8. c4 Ng6 9. Nc3 Be7 10. Be3 h6 11. Bxd7+ Nxd7 12. g3 O-O 13. h4 f5 14. exf5 Rxf5 15. h5 Ngf8 16. Ne4 Rf7 17. Nfd2 Nh7 18. Qg4 Bg5 19. f4 exf4 20. gxf4 Ne5 21. fxe5 Bxe3 22. e6 Rf4 23. Qg3 Bxd2+ 24. Nxd2 Qg5 25. Qxg5 Nxg5 26. Ke2 c6 27. Raf1 Rg4 28. Rfg1 Rf4 29. Rf1 Rg4 30. Rhg1 Rh4 31. Nf3 Nxf3 32. Rxf3 Rxh5 33. Rf7 Re5+ 34. Kd3 g5 35. Rgf1 Re8 36. Kd4 g4 37. R1f6 Rg5 38. e7 1/2-1/2

[Event "Winter Chess Classic-B 2019"]
[Site "Saint Louis"]
[Date "2019.11.17"]
[Round "8.1"]
[White "Erenburg, Sergey"]
[Black "Harutyunian, Tigran K."]
[Result "1/2-1/2"]
[ECO "C65"]
[WhiteElo "2581"]
[BlackElo "2542"]
[Annotator "RC"]
[PlyCount "149"]
[EventDate "2019.11.10"]
[EventType "tourn"]
[EventCountry "USA"]
[SourceTitle "playchess.com"]
[Source "ChessBase"]
[SourceQuality "1"]
[TimeControl "40/5400+30:1800+30"]

1. e4 e5 2. Nf3 Nc6 3. Bb5 Nf6 4. d3 Bc5 5. c3 O-O 6. O-O Re8 7. Nbd2 a6 8. Bxc6 dxc6 9. Nc4 Nd7 10. Re1 b5 11. Ncxe5 Nxe5 12. Nxe5 Bxf2+ 13. Kxf2 Rxe5 14. Bf4 Re6 15. Kg1 c5 16. Qh5 Qe7 17. a4 Rb8 18. axb5 Rxb5 19. Qe2 c4 20. dxc4 Rb3 21. Rad1 h6 22. Qc2 Reb6 23. Qd3 Be6 24. Qd8+ Qxd8 25. Rxd8+ Kh7 26. Bxc7 Rb7 27. Bf4 Rxb2 28. c5 Rc2 29. c6 Rb3 30. c7 Rbxc3 31. Red1 Re2 32. R8d3 Rxd3 33. Rxd3 Rxe4 34. Rd6 Rxf4 35. Rxe6 Rc4 36. Rxa6 Rxc7 37. Ra4 g5 38. h4 Kg6 39. hxg5 hxg5 40. Kf2 Kh5 41. Rb4 Rc2+ 42. Kf3 Ra2 43. Rc4 f6 44. Rb4 g4+ 45. Kg3 Ra3+ 46. Kh2 Kh4 47. Rf4 Kg5 48. g3 Ra2+ 49. Kg1 f5 50. Kf1 Kf6 51. Kg1 Ke5 52. Rf1 Rd2 53. Re1+ Kd4 54. Rf1 Ke4 55. Rf4+ Ke5 56. Rf1 Ra2 57. Rf4 Ra5 58. Kg2 Rb5 59. Kg1 Rd5 60. Kg2 Rd2+ 61. Kg1 Re2 62. Kf1 Re3 63. Kg2 Ke6 64. Rf2 Re5 65. Kf1 Ra5 66. Kg2 Ke5 67. Rf4 Ra2+ 68. Kg1 Rd2 69. Kf1 Rd4 70. Rf2 Ke4 71. Rf4+ Ke3 72. Rxf5 Rd1+ 73. Kg2 Rd2+ 74. Kg1 Rd1+ 75. Kg2 1/2-1/2